 Dungeon Crawl Stone Soup version 0.31.0-4-g52a2dc7128 (webtiles) character file.

Game seed: 8689592712512290214

289 voltaire321 the Poker (level 6, 0/47 HPs)
             Began as a Merfolk Gladiator on Jan 22, 2024.
             Slain by a gnoll
             ... wielding a +0 spear
              (2 damage)
             ... on level 4 of the Dungeon.
             The game lasted 00:07:37 (2892 turns).

voltaire321 the Poker (Merfolk Gladiator)           Turns: 2892, Time: 00:07:38

Health: 0/47       AC:  7    Str: 14    XL:     6   Next: 31%
Magic:  6/6        EV: 12    Int: 10    God:
Gold:   199        SH:  0    Dex: 15    Spells: 5/5 levels left

rFire   . . .        a - +0 trident
rCold   . . .        (no shield)
rNeg    . . .        f - +0 ring mail
rPois   .            c - +0 helmet
rElec   .            (no cloak)
rCorr   .            (no gloves)
SInv    .            l - +0 pair of boots
Will    .....        (no amulet)
Stlth   +            (no ring)
HPRegen 0.27/turn    (no ring)
MPRegen 0.10/turn

%: no passive effects
@: no status effects
A: (nimble swimmer 2), mertail
a: no special abilities


You were on level 4 of the Dungeon.
You visited 1 branch of the dungeon, and saw 4 of its levels.

You collected 199 gold pieces.

Inventory:

Hand Weapons
 a - a +0 trident (weapon)
Missiles
 d - 2 throwing nets
 e - 7 javelins
 t - a curare-tipped dart (quivered)
Armour
 b - a +0 leather armour
 c - a +0 helmet (worn)
 f - a +0 ring mail (worn)
 l - a +0 pair of boots (worn)
Wands
 A - a wand of flame (12)
Scrolls
 g - 3 scrolls of poison {unknown}
 i - a scroll of enchant armour {unknown}
 j - a scroll of fog {unknown}
 n - a scroll of silence {unknown}
 o - a scroll of immolation {unknown}
 r - 2 scrolls of summoning {unknown}
 s - 2 scrolls of identify {unknown}
 u - a scroll of vulnerability {unknown}
 w - a scroll of noise {unknown}
 x - a scroll of teleportation {unknown}
 y - a scroll of acquirement {unknown}
Potions
 h - a potion of enlightenment {unknown}
 k - 3 potions of curing
 m - 2 potions of brilliance {unknown}
 p - a potion of cancellation {unknown}
 q - 2 potions of heal wounds {unknown}
 v - 2 potions of berserk rage {unknown}
 z - a potion of might {unknown}


   Skills:
 + Level 3.3 Fighting
 * Level 5.8 Polearms
 + Level 3.0 Throwing
 * Level 2.1 Armour
 + Level 5.0 Dodging


You had 5 spell levels left.
You didn't know any spells.
Your spell library contained the following spells:

 Spells                   Type           Power      Damage    Failure   Level
 Magic Dart               Conj           0%         1d3       58%         1
 Searing Ray              Conj           0%         2d4       75%         2
 Volatile Blastmotes      Fire/Tloc      0%         2d10      92%         3
 Fulminant Prism          Conj/Alch      0%         3d5       100%        4
 Iskenderun's Mystic Bla  Conj/Tloc      0%         2d3       100%        4
 Summon Forest            Summ/Tloc      0%         N/A       100%        5
 Summon Mana Viper        Hex/Summ       0%         N/A       100%        5
 Summon Cactus Giant      Summ           0%         N/A       100%        6


Dungeon Overview and Level Annotations

Branches:
Dungeon (4/15)
 Temple: D:4-7

Altars:
Uskayaw

Shops:
D:4 =


Innate Abilities, Weirdness & Mutations

((You are very nimble when in or above water. (Stealth+, EV+, Speed+++)))
Your lower body shifts to a powerful aquatic tail in water.


Message History

The gnoll is severely wounded.
The gnoll hits you from afar with a +0 halberd.
* * * LOW HITPOINT WARNING * * *
Reach: a) +0 trident
Press: ? - help, Dir - move target, f/p - gnoll
Aim: a gnoll, wielding a +0 halberd (severely wounded, about 36% to evade your +0 trident)
You reach to attack!
You puncture the gnoll!
You kill the gnoll!
The gnoll attacks as it pursues you!
The gnoll hits you from afar with a +0 spear.
* * * LOW HITPOINT WARNING * * *
Reach: a) +0 trident
Press: ? - help, Dir - move target, f - gnoll
Aim: a gnoll, wielding a +0 spear (lightly wounded, about 36% to evade your +0 trident)
You reach to attack!
You hit the gnoll.
The gnoll is moderately wounded.
The gnoll hits you from afar with a +0 spear.
* * * LOW HITPOINT WARNING * * *
Throw: 3 darts (curare)
Press: ? - help, Q - select action, (/) - cycle Shift-Dir - straight line, f/p - gnoll
Aim: a gnoll, wielding a +0 spear (moderately wounded, 61% to hit)
You throw a curare-tipped dart.
The curare-tipped dart barely misses the gnoll.
The curare-tipped dart hits the gnoll.
The gnoll is poisoned.
The gnoll struggles to breathe.
The gnoll seems to slow down.
The gnoll is heavily wounded.
The gnoll barely misses you. The gnoll attacks as it pursues you!
The gnoll hits you from afar with a +0 spear.
* * * LOW HITPOINT WARNING * * *
Throw: 2 darts (curare)
Press: ? - help, Q - select action, (/) - cycle Shift-Dir - straight line, f/p - gnoll
Aim: a gnoll, wielding a +0 spear (moderately wounded, 61% to hit)
You throw a curare-tipped dart. The curare-tipped dart hits the gnoll.
The gnoll is poisoned.
The gnoll struggles to breathe.
The gnoll seems to slow down.
The gnoll is heavily wounded.
The gnoll hits you from afar with a +0 spear.
You die...

#.# #.# #.#
#.# #.# #g#
#.##### #g#
#.....# #.#
#####.# #g#
#.# #.#
#.########.###
#..@.ggg.....#
##############


You could see 3 gnolls.

Vanquished Creatures
  An ice beast (D:4)
  A scorpion (D:4)
  A gnoll (D:4)
  5 adders
  3 dart slugs
  2 ribbon worms (D:3)
  2 orcs
  9 endoplasms
  2 giant cockroaches
  2 goblins (D:1)
  5 hobgoblins
  3 jackals (D:2)
  2 quokkas
  9 ball pythons
  8 bats
  5 frilled lizards
  6 kobolds
  7 rats
73 creatures vanquished.

Notes
Turn   | Place    | Note
-------+----------+-------------------------------------------
     0 | D:1      | voltaire321 the Merfolk Gladiator began the quest for the
                  | Orb.
     0 | D:1      | Reached XP level 1. HP: 16/16 MP: 1/1
   115 | D:1      | Found a faded altar of an unknown god.
   181 | D:1      | Reached XP level 2. HP: 23/23 MP: 2/2
   651 | D:1      | Reached XP level 3. HP: 28/28 MP: 3/3
  1244 | D:2      | Reached skill level 1 in Armour
  1259 | D:2      | Identified the +6 quarterstaff of Etupede {antimagic,
                  | Will+}
  1587 | D:2      | Reached XP level 4. HP: 34/34 MP: 4/4
  1947 | D:3      | Reached skill level 5 in Polearms
  2169 | D:3      | Noticed a +0 spear
  2169 | D:3      | Noticed a +0 dagger
  2169 | D:3      | Noticed a +0 short sword
  2169 | D:3      | Noticed a +0 dagger
  2184 | D:3      | Found a hide-covered altar of Uskayaw.
  2185 | D:3      | Noticed a +0 short sword
  2185 | D:3      | Noticed a +0 falchion
  2186 | D:3      | Noticed a +0 falchion
  2189 | D:3      | Noticed a +0 spear
  2396 | D:4      | Reached XP level 5. HP: 40/40 MP: 5/5
  2605 | D:4      | Found Luddybb's Jewellery Shoppe.
  2636 | D:4      | Noticed an ice beast
  2658 | D:4      | Killed an ice beast
  2659 | D:4      | Reached skill level 5 in Dodging
  2659 | D:4      | Reached XP level 6. HP: 12/47 MP: 6/6
  2889 | D:4      | HP: 2/47 [gnoll/+0 spear (3)]
  2892 | D:4      | Slain by a gnoll

Illustrated notes

Levels and vault maps discovered:
D:1:      evilmike_arrival_hilbert_curve, layout_loops_corners,
          basic_ecumenical_altar
D:2:      layout_basic, minivault_19, serial_bayou_ford_a
D:3:      layout_rooms, nicolae_uskayaw_en_pointe, serial_bayou_pond_b
D:4:      minmay_opposing_rooms, layout_basic, minitemple,
          minmay_temple_entry_poolview, serial_shops,
          nicolae_shop_temple_entry_statues_fountains

Skill      XL: |  1  2  3  4  5 |
---------------+----------------+-----
Armour         | 1 2 |  2.1
Polearms       | 5 |  5.8
Fighting       | 3 |  3.3
Throwing       | 3 |  3.0
Dodging        | 5 |  5.0

Action                     |  1- 3 |  4- 6 || total
---------------------------+-------+-------++-------
  Melee: Trident           |   106 |   135 ||   241
         Punch             |     1 |     1 ||     2
  Throw: Throwing net      |     1 |       ||     1
         Dart              |       |     8 ||     8
    Use: Potion            |       |     1 ||     1
 Armour: Ring mail         |    32 |    56 ||    88
  Dodge: Dodged            |    52 |    64 ||   116
